 Dungeon Crawl Stone Soup version 0.22.1-1-ga44c0e5 (webtiles) character file.

22 Yerrow the Skirmisher (level 2, 27/27 HPs)
             Began as a Minotaur Abyssal Knight on Oct 17, 2018.
             Was a Follower of Lugonu.
             Starved to death
             ... on level 1 of the Dungeon.
             The game lasted 00:10:16 (3052 turns).

Yerrow the Skirmisher (Minotaur Abyssal Knight)     Turns: 3052, Time: 00:10:16

Health: 27/27      AC:  3    Str: 16    XL:     2   Next: 68%
Magic:  2/2        EV: 11    Int:  9    God:    Lugonu [*.....]
Gold:   12         SH:  0    Dex:  9    Spells: 1/1 levels left

rFire    . . .     SeeInvis .   a - +1 mace
rCold    . . .     Gourm    .   (no shield)
rNeg     . . .     Faith    .   b - +0 leather armour
rPois    .         Spirit   .   (helmet restricted)
rElec    .         Reflect  .   (no cloak)
rCorr    .         Harm     .   (no gloves)
MR       .....                  (no boots)
Stlth    +.........             (no amulet)
HPRegen  0.09/turn              (no ring)
MPRegen  0.08/turn              (no ring)

@: fainting
A: retaliatory headbutt, horns 2
a: Depart the Abyss, Renounce Religion


You were on level 1 of the Dungeon.
You worshipped Lugonu.
Lugonu was aware of your devotion.
You were fainting.

You visited 1 branch of the dungeon, and saw 1 of its levels.
You visited the Abyss 1 time.

You collected 12 gold pieces.

Inventory:

Hand Weapons
 a - a +1 mace (weapon)
Missiles
 d - 58 bolts
 j - 43 stones (quivered)
Armour
 b - a +0 leather armour (worn)
Scrolls
 f - a scroll of amnesia {unknown}
 h - 2 scrolls of identify {unknown}
 i - 3 scrolls of remove curse {unknown}
 l - a scroll of teleportation {unknown}
Potions
 e - a potion of lignification {unknown}
 k - a potion of curing {unknown}
 m - 2 potions of mutation {unknown}
 n - a potion of heal wounds {unknown}


   Skills:
 + Level 4.2 Fighting
 + Level 2.9 Maces & Flails
 + Level 0.2 Throwing
 + Level 2.4 Armour
 + Level 1.3 Dodging
 + Level 0.1 Stealth
 + Level 2.0 Invocations


You had one spell level left.
You didn't know any spells.
Your spell library was empty.

Dungeon Overview and Level Annotations

Branches:
Dungeon (1/15)

Altars:
Cheibriados


Innate Abilities, Weirdness & Mutations

You reflexively headbutt those who attack you in melee.
You have a pair of horns on your head.


Message History

You are feeling very hungry.
You start waiting.
You start waiting.
You start waiting.
You are near starving!
You drop 2 rations.
You start waiting.
Done waiting.
You start waiting.
You are starving!
You're too hungry to rest.
You are fainting from starvation!
You lose consciousness!
You can move again.
You lose consciousness!
You can move again.
You lose consciousness!
You can move again.
You have starved to death.
You die...

P.PP.P.PP##..# # #.#.#.
.PP.PP.PP##..# #.#.#.
PP.PP.PPP##.>######## ....##
..PPP.PPP##..##.)...# #.####
PPP..PPPP##..##.....# ## #.# #
...PPPPPP##..##.....# #. .
.PPPPPPPP##..##.....####.########
.##########..)%..................
..........#.###.@...####.........
#########.#...............######.
...# #.###############.# #.
##.######.##......#######.# #.
##.##.....##.####.##....#.# #.
##.........#.# #.##.##.#.# #.
##...#..#....# #.##.##.#.# #.
##...........# #.##.##.#.# #.
#..#......#..# #.##.##.#.# #.


There were no monsters in sight!

Vanquished Creatures
  A dart slug (D:1)
  A bat (D:1)
  3 giant cockroaches (D:1)
  A hobgoblin (D:1)
  3 jackals (D:1)
  2 goblins (D:1)
  3 kobolds (D:1)
  5 rats (D:1)
19 creatures vanquished.

Notes
Turn   | Place    | Note
-------+----------+-------------------------------------------
     0 | Abyss:1  | Yerrow the Minotaur Abyssal Knight began the quest for the
                  | Orb.
     0 | Abyss:1  | Reached XP level 1. HP: 19/19 MP: 1/1
    39 | Abyss:1  | Found a corrupted altar of Lugonu.
    55 | D:1      | Escaped the Abyss
   288 | D:1      | Reached skill level 4 in Fighting
   291 | D:1      | Reached * piety under Lugonu
   291 | D:1      | Reached XP level 2. HP: 15/27 MP: 2/2
   570 | D:1      | Found a snail-covered altar of Cheibriados.
  1822 | D:1      | Paralysed by fainting for 9 turns
  1852 | D:1      | Paralysed by fainting for 9 turns
  3013 | D:1      | Paralysed by fainting for 6 turns
  3020 | D:1      | Paralysed by fainting for 12 turns
  3041 | D:1      | Paralysed by fainting for 10 turns
  3052 | D:1      | Starved to death

Skill      XL: |  1  2 |
---------------+-------+-----
Fighting       | 4 |  4.2
Invocations    | 2 |  2.0
Maces & Flails | |  2.9
Throwing       | |  0.2
Armour         | |  2.4
Dodging        | |  1.3
Stealth        | |  0.1

Action                   || total
-------------------------++-------
Melee: Mace              ||    32
       Headbutt          ||     5
Throw: Stone             ||    14
Invok: Depart the Abyss  ||     1
 Stab: Sleeping          ||     1
  Eat: Ration            ||     1
Armor: Leather armour    ||    14
Dodge: Dodged            ||    19
